 Seeded DCSS version 0.30-a0-883-g5ad918d77d (webtiles) character file.

Game seed: 11138641896053144839 (custom seed)

62 bmack86 the Covered (level 3, 0/33 HPs)
             Began as a Minotaur Fighter on Mar 18, 2023.
             Slain by an orc
             ... wielding a +0 hand axe
              (2 damage)
             ... on level 2 of the Dungeon.
             The game lasted 00:02:20 (1318 turns).

bmack86 the Covered (Minotaur Fighter)              Turns: 1318, Time: 00:02:21

Health: 0/33       AC: 10    Str: 22    XL:     3   Next: 85%
Magic:  2/2        EV:  7    Int:  5    God:
Gold:   71         SH:  4    Dex:  9    Spells: 2/2 levels left

rFire   . . .      SeeInvis .    a - +0 war axe
rCold   . . .      Faith    .    c - +0 buckler
rNeg    + . .      Spirit   .    k - +1 chain mail {rN+}
rPois   .          Reflect  .    (helmet restricted)
rElec   .          Rampage  .    (no cloak)
rCorr   .                        (no gloves)
Will    +....                    (no boots) Stlth
                                 (no amulet)
HPRegen 0.25/turn                f - +4 ring of slaying
MPRegen 0.08/turn                g - ring of willpower

@: no status effects
A: horns 2, retaliatory headbutt
a: no special abilities


You were on level 2 of the Dungeon.
You visited 1 branch of the dungeon, and saw 2 of its levels.

You collected 71 gold pieces.

Inventory:

Hand Weapons
 a - a +0 war axe (weapon)
Armour
 b - a +0 scale mail
 c - a +0 buckler (worn)
 k - a +1 chain mail of positive energy (worn)
Jewellery
 f - a +4 ring of slaying (left hand)
 g - a ring of willpower (right hand)
Scrolls
 h - a scroll of identify {unknown}
 i - 3 scrolls of teleportation {unknown}
 l - a scroll of immolation {unknown}
 m - a scroll of enchant weapon {unknown}
Potions
 d - a potion of might
 e - 2 potions of brilliance {unknown}
 j - a potion of curing {unknown}


   Skills:
 + Level 4.1 Fighting
 * Level 3.7 Axes
 + Level 4.2 Armour
 + Level 4.1 Shields


You had 2 spell levels left.
You didn't know any spells.
Your spell library contained the following spells:

 Spells                   Type           Power      Damage    Failure   Level
 Sting                    Tmut/Pois      0%         1d3       99%         1
 Poisonous Vapours        Pois/Air       0%         N/A       100%        2
 Vhi's Electric Charge    Tloc/Air       0%         N/A       100%        3
 Olgreb's Toxic Radiance  Pois           0%         N/A       100%        4
 Arcjolt                  Conj/Air       0%         1d10      100%        5
 Maxwell's Capacitive Co  Air            0%         ∞         100%        8


Dungeon Overview and Level Annotations

Branches:
Dungeon (2/15)

Altars:
The Shining One

Shops:
D:2 =


Innate Abilities, Weirdness & Mutations

You have a pair of horns on your head.
You reflexively headbutt those who attack you in melee.


Message History

There is an open door here.
You see here 9 stones.
Found a robe.
Found a stone staircase leading up.
There is a stone staircase leading up here.
An orc comes into view. It is wielding a +0 hand axe.
The orc shouts!
You hear a shout!
The orc moves out of view.
An orc priest comes into view.
It is wielding a +0 flail. 2 orcs come into view.
An orc is wielding a +2 heavy mace.
The orc shouts!
The orc barely misses you. The orc hits you but does no damage.
An orc comes into view. It is wielding a +0 hand axe.
You closely miss the orc. You barely miss the orc priest.
The orc shouts!
The orc hits you but does no damage.
The orc priest hits you with a +0 flail.
You hit the orc priest.
The orc priest is lightly wounded.
You closely miss the orc. The orc hits you but does no damage.
The orc priest hits you with a +0 flail.
The orc hits you with a +0 hand axe.
You closely miss the orc. x2; You hit the orc but do no damage.
The orc hits you with a +0 hand axe. The orc barely misses you.
Unknown command.
You barely miss the orc. You headbutt the orc!
You kill the orc!
You completely miss the orc. You closely miss the orc.
The orc priest invokes the aid of Beogh against you.
Beogh smites you!
* * * LOW HITPOINT WARNING * * *
The orc hits you with a +0 hand axe.
* * * LOW HITPOINT WARNING * * *
The orc hits you but does no damage.
You hit the orc.
The orc is severely wounded.
You hit the orc. You barely miss the orc. The orc closely misses you.
The orc hits you with a +0 hand axe.
You die...

##.## ##...## ##.## #.#
#.# ##'# #.# #.# #.#
#.# #.# #.. #.# #.# #.#
### #.# ####.## #.# #.#
##.#...## #.# #.#
##.#.....#########.#
#.#####.###...#oo.....#
#...<..## ##.#.@oo.....
#######.# #..#..##.##..
#.#........
#.##.#......
####.#.###### #.#.#
#.#.. ####### #.###
#### ......#######.# #
#####...


You could see an orc priest and 3 orcs.

Vanquished Creatures
  A gnoll (D:1)
  2 adders (D:2)
  A dart slug (D:1)
  An orc (D:2)
  3 bats (D:1)
  3 endoplasms
  A giant cockroach (D:1)
  A hobgoblin (D:1)
  5 kobolds
  A quokka (D:1)
  4 ball pythons
  A frilled lizard (D:2)
  5 goblins (D:1)
  3 rats (D:1)
32 creatures vanquished.

Notes
Turn   | Place    | Note
-------+----------+-------------------------------------------
     0 | D:1      | bmack86 the Minotaur Fighter began the quest for the Orb.
     0 | D:1      | Reached XP level 1. HP: 19/19 MP: 0/0
    31 | D:1      | Reached XP level 2. HP: 11/27 MP: 1/1
   436 | D:1      | Reached XP level 3. HP: 33/33 MP: 2/2
   932 | D:2      | Found a glowing golden altar of the Shining One.
   952 | D:2      | Found Rebberoesi's Jewellery Emporium.
  1317 | D:2      | HP: 1/33 [orc/+0 hand axe (4)]
  1318 | D:2      | Slain by an orc

Illustrated notes

Levels and vault maps discovered:
D:1:      moated_graveyard_arrival, layout_basic, minmay_misc_feat_roman,
          minmay_misc_feat_iff
D:2:      layout_loops_corners, serial_shops, nicolae_shop_hallway_stairs,
          basic_altar

Skill      XL: |  1  2  3 |
---------------+----------+-----
Axes           | 3 |  3.7
Armour         | 4 |  4.2
Fighting       | 4 |  4.1
Shields        | 4 |  4.1

Action                     || total
---------------------------++-------
  Melee: War axe           ||    51
         Headbutt          ||     7
 Armour: Scale mail        ||    12
         Chain mail        ||    10
  Dodge: Dodged            ||    23
  Block: Buckler           ||    13

Table legend: (Time is in decaauts)
 A = Elapsed time spent in this place.
 B = Non-inter-level travel time spent in this place.
 C = Inter-level travel time spent in this place.
 D = Time resting spent in this place.
 E = Time spent auto-exploring this place.
 F = Levels seen in this place.
 G = Mean time per level.
                   A        B        C        D        E       F      G
               +--------+--------+--------+--------+--------+-----+--------+
         Total |   1335 |   1309 |     26 |      0 |    998 |   2 |  667.5 |
       Dungeon |   1335 |   1309 |     26 |      0 |    998 |   2 |  667.5 |
               +--------+--------+--------+--------+--------+-----+--------+

Top non-repeatable levels by time:
     D:1: 933 daAuts
     D:2: 402 daAuts
